 Dungeon Crawl Stone Soup version 0.19.1-1-g22dce08 (webtiles) character file.

194 Peloso the Shield-Bearer (level 5, 0/47 HPs)
             Began as a Minotaur Fighter on Jan 8, 2017.
             Slain by an orc priest
             ... wielding a cursed +0 war axe
              (8 damage)
             ... on level 3 of the Dungeon.
             The game lasted 00:03:42 (1340 turns).

Peloso the Shield-Bearer (Minotaur Fighter)         Turns: 1340, Time: 00:03:43

Health: 0/47       AC: 10    Str: 21    XL:     5   Next: 44%
Magic:  4/4        EV:  6    Int:  5    God:
Gold:   133        SH:  9    Dex: 10    Spells: 0 memorised, 4 levels left

rFire  . . .     SeeInvis .     a - +0 long sword
rCold  . . .     Gourm    .     k - +0 chain mail
rNeg   . . .     Faith    .     c - +0 shield
rPois  .         Spirit   .     (helmet restricted)
rElec  .         Reflect  .     (no cloak)
rCorr  .         Harm     .     j - +0 pair of gloves
MR     .....                    (no boots)
Stlth  ..........               (no amulet)
                                (no ring)
                                (no ring)

@: no status effects
A: retaliatory headbutt, horns 2
a: no special abilities


You were on level 3 of the Dungeon.
You were not hungry.

You visited 1 branch of the dungeon, and saw 3 of its levels.

You collected 133 gold pieces.

Inventory:

Hand Weapons
 a - a +0 long sword (weapon)
Armour
 b - a +0 scale mail
 c - a +0 shield (worn)
 j - a +0 pair of gloves (worn)
 k - a +0 chain mail (worn)
Scrolls
 l - 2 scrolls of amnesia
 o - 2 scrolls of enchant weapon {unknown}
 p - a scroll of fear {unknown}
 q - a scroll of noise {unknown}
Potions
 d - 5 potions of might
 e - 2 potions of mutation {unknown}
 g - 2 potions of curing {unknown}
 h - 2 potions of flight {unknown}
 n - a potion of cancellation {unknown}
Comestibles
 f - 2 bread rations
 r - a chunk of flesh
 s - a slice of pizza


   Skills:
 + Level 4.6 Fighting
 + Level 4.1 Long Blades
 + Level 4.6 Armour
 + Level 1.3 Dodging
 + Level 0.3 Stealth
 + Level 4.7 Shields


You had 4 spell levels left.
You didn't know any spells.

Dungeon Overview and Level Annotations

Branches:
Dungeon (3/15)

Altars:
Ashenzari
Elyvilon
Vehumet


Innate Abilities, Weirdness & Mutations

You reflexively headbutt those who attack you in melee.
You have a pair of horns on your head.


Message History

You hit the dart slug. You headbutt the dart slug.
The dart slug is severely wounded.
The dart slug bites you but does no damage.
You hit the dart slug.
You kill the dart slug!
Your shield and chain mail prevent you from hitting the orc priest.
You block the orc priest's attack.
You hit the orc priest but do no damage.
The orc priest hits you with a war axe.
* * * LOW HITPOINT WARNING * * *
You closely miss the orc priest. You block the orc priest's attack.
Your shield and chain mail prevent you from hitting the orc priest.
The orc priest hits you with a war axe.
* * * LOW HITPOINT WARNING * * *
You block the orc priest's attack.
You slash the orc priest!
You headbutt the orc priest, but do no damage.
The orc priest is almost dead.
The orc priest hits you with a war axe!
You die...

**,,,* #...........!..,***,,,,,
*,,,,* #..............,*,,,,,,,
*,,,,* #..............,,,**,,,,
****,,** #..............,,***,,,,
,,,,,,* ##.........w...*** *****
*,,,,** ##...........#* * *,****
#.###..#####* **** *,* ##.# #o##
******,,* *,* #..# #@# *,,,,,,**
#,* ###.## #.# ***,*,,,** #.**
#...# #.# **,,,,,,,,* #..**
#.######## **,,,,,,,,,**
*#..#####......# ****,,,,,,,,,,,,
###.....(..#####**,***,*,,,,,,,,,
.<........## **,,**,,**,,*****,
#######..## **,,,*****,,,* **
#...#*****,,,,*** *,,,* *


You could see an orc priest.

Vanquished Creatures
  2 hounds (D:2)
  5 gnolls
  4 adders
  A worm (D:2)
  A dart slug (D:3)
  A leopard gecko (D:1)
  2 orcs (D:3)
  A ball python (D:2)
  4 goblins
  6 hobgoblins
  7 jackals
  5 bats
  3 frilled lizards (D:2)
  5 kobolds
  2 rats (D:2)
49 creatures vanquished.

Notes
Turn   | Place    | Note
-------+----------+-------------------------------------------
     0 | D:1      | Peloso the Minotaur Fighter began the quest for the Orb.
     0 | D:1      | Reached XP level 1. HP: 19/19 MP: 0/0
   244 | D:1      | Reached XP level 2. HP: 27/27 MP: 1/1
   389 | D:1      | Found a shattered altar of Ashenzari.
   498 | D:2      | Reached XP level 3. HP: 25/33 MP: 2/2
   607 | D:2      | Found a white marble altar of Elyvilon.
   635 | D:2      | Found a radiant altar of Vehumet.
   961 | D:2      | Reached skill level 1 in Dodging
   961 | D:2      | Reached XP level 4. HP: 38/40 MP: 3/3
  1136 | D:3      | Reached XP level 5. HP: 33/47 MP: 4/4
  1340 | D:3      | Slain by an orc priest

Skill      XL: |  1  2  3  4  5 |
---------------+----------------+-----
Fighting       | 4 |  4.6
Shields        | 4 |  4.7
Armour         | 4 |  4.6
Long Blades    | 3 4 |  4.1
Dodging        | 1 |  1.3
Stealth        | |  0.3

Action                   |  1- 3 |  4- 6 || total
-------------------------+-------+-------++-------
Melee: Long sword        |    71 |    71 ||   142
       Headbutt          |     7 |    13 ||    20
  Use: Scroll            |       |     3 ||     3
  Eat: Chunk             |       |     2 ||     2
Armor: Chain mail        |    52 |    31 ||    83
       Scale mail        |     2 |       ||     2
Dodge: Dodged            |    17 |    17 ||    34
Block: Shield            |    48 |    50 ||    98
       Rpst.: Long sword |     4 |     2 ||     6
